 Dungeon Crawl Stone Soup version 0.30-a0-782-ge64f9170bb (webtiles) character file.

Game seed: 12489395016180990209

2446 Leeroy the Thaumaturge (level 9, -1/44 HPs)
             Began as a Vine Stalker Warper on Feb 19, 2023.
             Was an Initiate of Wu Jian.
             Succumbed to a kobold brigand's curare-tipped dart
             ... on level 8 of the Dungeon.
             The game lasted 00:08:44 (6778 turns).

Leeroy the Thaumaturge (Vine Stalker Warper)        Turns: 6778, Time: 00:08:45

Health: -1/44      AC:  4    Str: 14    XL:     9   Next: 49%
Magic:  14/23      EV: 13    Int: 13    God:    Wu Jian [......]
Gold:   324        SH:  5    Dex: 24    Spells: 21/26 levels left

rFire   . . .      SeeInvis .    x - +1 dagger (speed)
rCold   . . .      Faith    .    (no shield)
rNeg    . . .      Spirit   +    b - +0 leather armour
rPois   .          Reflect  +    (no helmet)
rElec   .          Harm     .    (no cloak)
rCorr   .          Rampage  .    (no gloves)
Will    +....                    u - +0 pair of boots
Stlth   ++                       B - amulet of reflection
HPRegen 1.07/turn                m - +6 ring of dexterity
MPRegen 0.18/turn                (no ring)

@: lethally poisoned (-1 -> -10), slowed, very slow
A: fangs 3, regeneration 1, magic shield, antimagic bite, no potion heal 2
a: Renounce Religion


You were on level 8 of the Dungeon.
You worshipped Wu Jian.
Wu Jian was noncommittal.
You visited 2 branches of the dungeon, and saw 9 of its levels.

You collected 488 gold pieces.
You spent 164 gold pieces at shops.

Inventory:

Hand Weapons
 a - a +0 falchion
 j - the +7 great mace "Jaec" {flame, Int+5 Stlth-}
   (You found it on level 4 of the Dungeon)

   Int:       It affects your intelligence (+5).
   Stlth:     It makes you less stealthy.
 l - a +1 short sword of freezing
 q - a +1 dagger of freezing
 x - a +1 dagger of speed (weapon)
 y - a +0 rapier of electrocution
 D - a +0 long sword
Missiles
 d - 7 boomerangs of dispersal (quivered)
 w - 3 boomerangs
 I - 4 poisoned darts
 J - 2 silver boomerangs
Armour
 b - a +0 leather armour (worn)
 g - a +0 ring mail
 u - a +0 pair of boots (worn)
Jewellery
 m - a +6 ring of dexterity (left hand)
 B - an amulet of reflection (around neck)
Wands
 r - a wand of digging (4)
 F - a wand of paralysis (22)
 K - a wand of flame (18)
Scrolls
 c - 2 scrolls of blinking
 e - a scroll of immolation
 f - a scroll of enchant armour
 k - 3 scrolls of magic mapping
 o - a scroll of vulnerability
 t - 3 scrolls of brand weapon {unknown}
 v - a scroll of poison {unknown}
 z - 2 scrolls of torment {unknown}
 E - 2 scrolls of teleportation {unknown}
 G - 2 scrolls of identify
 H - a scroll of fog {unknown}
Potions
 h - a potion of resistance
 i - 3 potions of might
 n - 4 potions of curing
 p - 2 potions of mutation {unknown}
 s - a potion of flight {unknown}
 A - a potion of haste {unknown}
 C - a potion of brilliance {unknown}


   Skills:
 - Level 3.2 Fighting
 - Level 7.0 Long Blades
 - Level 0.8 Throwing
 - Level 0.7 Armour
 - Level 3.0 Dodging
 - Level 0.5 Shields
 + Level 9.3 Spellcasting
 - Level 3.0 Translocations


You had 21 spell levels left.
You knew the following spells:

 Your Spells              Type           Power      Damage    Failure   Level
a - Blink                 Tloc           26%        N/A       7%          2
b - Vhi's Electric Charg  Tloc/Air       18%        N/A       26%         3

Your spell library contained the following spells:

 Spells                   Type           Power      Damage    Failure   Level
 Lesser Beckoning         Tloc           26%        N/A       7%          2
 Teleport Other           Tloc           13%        N/A       13%         3
 Magic Dart               Conj           24%        1d4       16%         1
 Searing Ray              Conj           12%        2d4       24%         2
 Manifold Assault         Tloc           13%        N/A       41%         4
 Fulminant Prism          Conj/Hex       3%         3d5       83%         4
 Summon Forest            Summ/Tloc      4%         N/A       93%         5
 Summon Mana Viper        Hex/Summ       6%         N/A       99%         5
 Summon Cactus Giant      Summ           3%         N/A       100%        6


Dungeon Overview and Level Annotations

Branches:
Dungeon (8/15)             Temple (1/1) D:7
   Lair: D:8-11

Altars:
Ashenzari
Cheibriados
Dithmenos
Elyvilon
Fedhas
Gozag
Hepliaklqana
Makhleb
Nemelex Xobeh
Okawaru
Qazlal
Ru
Trog
Uskayaw
Vehumet
Wu Jian
Xom
Yredelemnul
Zin
The Shining One

Shops:
D:2 ?!!*

Annotations:
D:7 3 runed translucent doors, Dirtsage's ghost, novice DsFi


Innate Abilities, Weirdness & Mutations

You have razor-sharp teeth.
Your natural rate of healing is unusually fast.
When hurt, damage is shared between your health and your magic reserves.
Your bite disrupts and absorbs the magic of your enemies.
Potions cannot restore your health.


Message History

The kobold demonologist barely misses you.
The shadow imp barely misses you.
You hit the kobold demonologist but do no damage.
Your bite misses the kobold demonologist.
The kobold demonologist is severely wounded.
You hit the kobold demonologist. You bite the kobold demonologist.
The kobold demonologist's magic leaks into the air.
You drain its magic.
The kobold demonologist is almost dead.
The kobold demonologist hits you but does no damage.
You are poisoned.
The shadow imp hits you.
You hit the kobold demonologist.
Your bite misses the kobold demonologist.
The kobold demonologist is almost dead.
You feel sick.
You hit the kobold demonologist.
You kill the kobold demonologist!
The Council accepts your kill.
The shadow imp disappears in a puff of smoke! x2
You feel sick.
Your Spellcasting skill increases to level 9!
You feel sick.
You feel sick.
A kobold brigand comes into view.
It is wielding a +0 short sword and quivering curare-tipped darts.
Okay, then.
You feel sick.
You feel sick. The jelly attacks as you move away! The jelly misses you.
You feel sick.
You are no longer poisoned.
The kobold brigand throws a curare-tipped dart.
The curare-tipped dart hits you.
You are lethally poisoned!
You have difficulty breathing.
* * * LOW HITPOINT WARNING * * *
You feel yourself slow down.
Blink to where?
Press: ? - help, Dir - move target
As you read the scroll of blinking, it crumbles to dust.
You die...

# #.#.# ^.#...#
#.#.#### [#...#
#......#
.....######.##.#
#........#.##.#
#.....<#.#....# #
#......#.#..#####.#
#..#.##.#..........#
##..
#@##.....#...#### ##
#.. #.########.###
#..# #.# #.#
#......###
.##?..##.#
#.###.####...#
#...§.))§# #.. ###.#
.#.#...#)# #.# #.#
#...#(#.####.# ##.##
### ###...J§.####
#...# ##.o#.....#
#.P.#


There were no monsters in sight!

Vanquished Creatures
  A kobold demonologist (D:8)
  Prince Ribbit (D:7)
  2 water moccasins
  A sky beast (D:7)
  2 ogres
  2 centaurs
  4 bullfrogs
  A kobold brigand (D:7)
  2 scorpions (D:6)
  A wight (D:8)
  A hound (D:5)
  A jelly (D:6)
  5 orc priests
  7 iguanas
  6 orc wizards
  Robin (D:4)
  12 gnolls
  6 adders
  2 shadow imps
  An ufetubus (D:4)
  2 worms (D:2)
  2 dart slugs
  19 orcs
  5 ball pythons
  4 endoplasms (D:2)
  3 giant cockroaches
  10 hobgoblins
  2 quokkas
  3 bats
  4 frilled lizards (D:1)
  14 goblins
  11 kobolds
  6 rats
144 creatures vanquished.

Notes
Turn   | Place    | Note
-------+----------+-------------------------------------------
     0 | D:1      | Leeroy the Vine Stalker Warper began the quest for the Orb.
     0 | D:1      | Reached XP level 1. HP: 11/11 MP: 4/4
   137 | D:1      | Reached XP level 2. HP: 10/15 MP: 4/6
   294 | D:1      | Learned a level 2 spell: Blink
   408 | D:1      | Found a faded altar of an unknown god.
   559 | D:1      | You fall into a shaft and drop 1 floor!
   602 | D:2      | Reached XP level 3. HP: 10/18 MP: 4/7
   700 | D:2      | Found Emuelat's Assorted Antiques.
   724 | D:2      | Found Ryramm's Distillery.
   748 | D:2      | Bought a potion of might for 52 gold pieces
   751 | D:2      | Found Onoerurgh's Distillery.
   816 | D:2      | Found a basalt altar of Yredelemnul.
   884 | D:2      | Reached skill level 3 in Spellcasting
  1010 | D:2      | Found Cusa's Magic Scroll Shoppe.
  1013 | D:2      | Bought a scroll of identify for 28 gold pieces
  1016 | D:2      | Bought a scroll of identify for 28 gold pieces
  1017 | D:2      | Bought a scroll of identify for 28 gold pieces
  1017 | D:2      | Bought a scroll of identify for 28 gold pieces
  1139 | D:3      | Gained mutation: Your natural rate of healing is unusually
                  | fast. [Vine Stalker growth]
  1139 | D:3      | Reached XP level 4. HP: 23/23 MP: 10/10
  1301 | D:4      | Reached skill level 4 in Spellcasting
  1331 | D:4      | Identified the +7 great mace "Jaec" {flame, Int+5 Stlth-}
  1412 | D:4      | Noticed Robin
  1454 | D:4      | Killed Robin
  1455 | D:4      | Reached XP level 5. HP: 17/26 MP: 5/12
  3409 | D:5      | Entered Level 5 of the Dungeon
  3414 | D:5      | Noticed an ogre
  3426 | D:5      | Killed an ogre
  3427 | D:5      | Reached XP level 6. HP: 32/32 MP: 13/13
  3652 | D:5      | Reached XP level 7. HP: 18/36 MP: 10/14
  3890 | D:5      | Reached skill level 5 in Long Blades
  4331 | D:5      | Found a sparkling altar of Nemelex Xobeh.
  4422 | D:6      | Learned a level 3 spell: Vhi's Electric Charge
  4706 | D:6      | Gained mutation: You have razor-sharp teeth. [Vine Stalker
                  | growth]
  4706 | D:6      | Reached XP level 8. HP: 38/40 MP: 13/15
  5467 | D:7      | Found a runed translucent gate.
  5468 | D:7      | Found a runed translucent gate.
  5553 | D:7      | Reached skill level 5 in Spellcasting
  5602 | D:7      | HP: 2/40 [orc wizard/+0 dagger (1)]
  5608 | D:7      | Found a runed translucent gate.
  5612 | D:7      | Noticed Dirtsage's ghost (novice DsFi)
  5850 | D:7      | Reached skill level 6 in Spellcasting
  5860 | D:7      | Noticed Prince Ribbit
  5864 | D:7      | Found a staircase to the Ecumenical Temple.
  5875 | D:7      | Killed Prince Ribbit
  5876 | D:7      | Reached skill level 7 in Spellcasting
  5876 | D:7      | Reached XP level 9. HP: 44/44 MP: 18/20
  5947 | Temple   | Entered the Ecumenical Temple
  6013 | Temple   | Became a worshipper of the Wu Jian Council
  6448 | D:7      | Reached skill level 8 in Spellcasting
  6692 | D:8      | Found a hazy altar of Hepliaklqana.
  6740 | D:8      | Noticed a kobold demonologist
  6760 | D:8      | HP: 1/44 [white imp/puff of frost[a kobold demonologist]
                  | (4)]
  6772 | D:8      | Killed a kobold demonologist
  6773 | D:8      | Reached skill level 9 in Spellcasting
  6778 | D:8      | Succumbed to a kobold brigand's curare-tipped dart

Illustrated notes

Levels and vault maps discovered:
D:1:      mrwooster_arrival_statue_2, layout_loops_cross, basic_ecumenical_altar
D:2:      layout_rooms, basic_altar, serial_glass, glass_columns_a,
          glass_columns_b, due_unseen_surprise, minmay_strange_pillars,
          item_on_display_b, feat_on_display, serial_shops, shop_coins,
          nicolae_shop_behind_doors, nicolae_shop_stone,
          nicolae_shop_competitors_out_of_business
D:3:      layout_rooms
D:4:      wander_river, layout_basic, grunt_ministairs_8, nrook_loot_triangle,
          uniq_robin
D:5:      layout_loops_cross, mainiacjoe_overflow_alcove_2, minmay_crystal_water
D:6:      layout_basic
D:7:      layout_cave_pools, minmay_temple_entry_crystal_x,
          ebering_ghost_rock_garden, uniq_prince_ribbit1
D:8:      minmay_the_grid_octo_tiled_octocenter
          [minmay_the_grid_octo_checkerflower,
          minmay_the_grid_octo_thin_diamonds, minmay_the_grid_octo_odd_swirl,
          minmay_the_grid_octo_pinwheel, minmay_the_grid_octo_prize_big_c,
          minmay_the_grid_square_5x5_fancy_junction,
          minmay_the_grid_square_5x5_six, minmay_the_grid_square_5x5_mess,
          minmay_the_grid_square_5x5_tetrominoes], layout_basic,
          mainiacjoe_overflow_tiny_flanked, minivault_19,
          kennysheep_small_circle
Temple:   nicolae_temple_two_arcs

Skill      XL: |  1  2  3  4  5  6  7  8  9 |
---------------+----------------------------+-----
Long Blades    | 2 3 4 6 7 |  7.0
Spellcasting   | 3 4 7 9 |  9.3
Dodging        | 2 3 |  3.0
Fighting       | 3 |  3.2
Throwing       | |  0.8
Armour         | |  0.7
Shields        | |  0.5
Translocations | |  3.0

Action                     |  1- 3 |  4- 6 |  7- 9 || total
---------------------------+-------+-------+-------++-------
  Melee: Falchion          |    89 |       |       ||    89
         Bite              |    21 |    76 |   119 ||   216
         Punch             |     2 |     4 |     4 ||    10
         Short sword       |    21 |    85 |       ||   106
         Dagger            |       |   129 |   266 ||   395
         Rapier            |       |       |    59 ||    59
Ability: Lunge             |       |       |     5 ||     5
    Use: Scroll            |     6 |       |     2 ||     8
         Potion            |       |       |     2 ||     2
   Stab: Sleeping          |       |       |     3 ||     3
         Distracted        |       |       |     1 ||     1
 Armour: Ring mail         |    52 |    45 |     9 ||   106
         Leather armour    |       |       |    43 ||    43
  Dodge: Dodged            |    69 |    95 |   115 ||   279
  Block: Other             |       |       |    44 ||    44

Table legend: (Time is in decaauts)
 A = Elapsed time spent in this place.
 B = Non-inter-level travel time spent in this place.
 C = Inter-level travel time spent in this place.
 D = Time resting spent in this place.
 E = Time spent auto-exploring this place.
 F = Levels seen in this place.
 G = Mean time per level.
                   A        B        C        D        E       F      G
               +--------+--------+--------+--------+--------+-----+--------+
         Total |   6617 |   6316 |    301 |   1172 |   4021 |   9 |  735.2 |
       Dungeon |   6494 |   6199 |    295 |   1172 |   3924 |   8 |  811.8 |
        Temple |    123 |    117 |      6 |      0 |     97 |   1 |  123.0 |
               +--------+--------+--------+--------+--------+-----+--------+

Top non-repeatable levels by time:
     D:2: 1314 daAuts
     D:6: 1289 daAuts
     D:4: 1031 daAuts
     D:7: 900 daAuts
     D:5: 792 daAuts
     D:1: 569 daAuts
     D:3: 502 daAuts
  Temple: 123 daAuts
     D:8: 94 daAuts
